General information
- name: BNet
- type: Ladder team game (AT/RT)
- host: Battle.net
- saver: {-_-}
map: Deadlock_LV
- players: 8
- length: 54:15
- speed: Fast
- version: 1.29 W3XP
- replay type: Public
» download(547 KB)
Players
team 1 (loser)

»
sea_of_flamex (
orange | 55 APM | 2560 actions | 46:58)
6 Keeper of the Grove
3 Entangling Roots
2 Force of Nature
1 Tranquility
5 Priestess of the Moon
1 Scout
3 Trueshot Aura
1 Searing Arrows
» actions
| Basic commands | 1 | |
| Build / train | 111 | |
| Enter build submenu | 29 | |
| Enter hero's abilities submenu | 11 | |
| Remove unit from queue | 1 | |
| Right click | 1673 | |
| Select / deselect | 646 | |
| Use ability | 88 | |
2560 total
» units
| Wisp | 34 | |
| Archer | 7 | |
| Dryad | 14 | |
| Hippogryph | 18 | |
| Chimaera | 2 | |
75 total
» upgrades
| Improved Bows | 1 | |
| Strength of the Wild | 3 | |
| Hippogryph Taming | 1 | |
| Abolish Magic | 1 | |
| Corrosive Breath | 1 | |
| Reinforced Hides | 2 | |
9 total
» buildings
| Moon Well | 9 | |
| Altar of Elders | 1 | |
| Ancient of War | 1 | |
| Tree of Ages | 1 | |
| Hunter's Hall | 1 | |
| Tree of Life | 4 | |
| Tree of Eternity | 1 | |
| Ancient of Wind | 6 | |
| Ancient of Lore | 1 | |
| Chimaera Roost | 2 | |
| Ancient Protector | 2 | |
29 total
» build order
00:11 Moon Well
00:16 Altar of Elders
00:39 Ancient of War
01:17 Moon Well
03:31 Tree of Ages
04:34 Hunter's Hall
04:42 Tree of Life
05:18 Moon Well
06:38 Tree of Eternity
06:51 Ancient of Wind
06:54 Ancient of Lore
10:33 Chimaera Roost
11:16 Chimaera Roost
12:04 Moon Well
15:20 Moon Well
15:22 Moon Well
16:33 Tree of Life
18:15 Moon Well
19:40 Ancient Protector
19:42 Ancient Protector
20:06 Tree of Life
24:45 Ancient of Wind
24:46 Ancient of Wind
27:54 Ancient of Wind
27:55 Ancient of Wind
30:22 Ancient of Wind
31:32 Tree of Life
32:11 Moon Well
32:12 Moon Well
» items
| Scroll of Town Portal | 5 | |
| Potion of Healing | 1 | |
| Mechanical Critter | 1 | |
| Scroll of Healing | 2 | |
| Scroll of Regeneration | 1 | |
| Staff of Teleportation | 1 | |
11 total

»
wolfblade15 (
purple | 57 APM | 2194 actions | 38:27)
5 Archmage
3 Summon Water Elemental
2 Brilliance Aura
4 Mountain King
2 Storm Bolt
2 Bash
3 Paladin
2 Holy Light
1 Devotion Aura
» actions
| Assign group hotkey | 40 | |
| Basic commands | 140 | |
| Build / train | 103 | |
| ESC pressed | 3 | |
| Enter build submenu | 32 | |
| Enter hero's abilities submenu | 12 | |
| Give item / drop item | 1 | |
| Right click | 703 | |
| Select / deselect | 548 | |
| Select group hotkey | 488 | |
| Use ability | 124 | |
2194 total
» units
| Peasant | 21 | |
| Rifleman | 10 | |
| Spell Breaker | 6 | |
| Mortar Team | 4 | |
| Flying Machine | 11 | |
| Siege Engine | 3 | |
55 total
» upgrades
| Gunpowder | 3 | |
| Lumber Harvesting | 1 | |
| Masonry | 2 | |
| Long Rifles | 1 | |
| Armor | 1 | |
| Fragmentation Shards | 1 | |
| Flare | 1 | |
| Barrage | 1 | |
| Flak Cannons | 1 | |
| Plating | 1 | |
13 total
» buildings
| Farm | 13 | |
| Blacksmith | 1 | |
| Barracks | 1 | |
| Altar of Kings | 2 | |
| Scout Tower | 5 | |
| Arcane Tower | 3 | |
| Town Hall | 3 | |
| Keep | 1 | |
| Arcane Vault | 1 | |
| Lumber Mill | 1 | |
| Guard Tower | 2 | |
| Arcane Sanctum | 1 | |
| Workshop | 3 | |
| Castle | 1 | |
38 total
» build order
00:27 Farm
00:39 Blacksmith
00:53 Barracks
01:08 Altar of Kings
01:24 Farm
01:58 Scout Tower
02:09 Farm
02:21 Farm
02:38 Arcane Tower
05:29 Town Hall
05:31 Keep
05:49 Scout Tower
05:54 Arcane Vault
06:15 Arcane Tower
06:19 Scout Tower
06:25 Scout Tower
06:31 Scout Tower
06:51 Lumber Mill
07:10 Arcane Tower
07:26 Farm
07:30 Farm
09:05 Guard Tower
09:06 Guard Tower
09:14 Arcane Sanctum
09:16 Workshop
09:49 Castle
10:54 Farm
11:00 Farm
11:29 Farm
12:19 Workshop
13:46 Farm
13:49 Farm
15:03 Farm
15:04 Farm
15:24 Workshop
19:56 Town Hall
21:42 Town Hall
31:39 Altar of Kings
» items
| Potion of Healing | 4 | |
| Scroll of Regeneration | 5 | |
| Scroll of Town Portal | 4 | |
13 total

»
Trying (
green | 109 APM | 3963 actions | 36:24)
6 Crypt Lord
3 Carrion Beetles
1 Spiked Carapace
1 Impale
1 Locust Swarm
4 Death Knight
2 Death Coil
2 Unholy Aura
4 Dreadlord
2 Sleep
1 Vampiric Aura
1 Carrion Swarm
» actions
| Assign group hotkey | 616 | |
| Basic commands | 150 | |
| Build / train | 83 | |
| Enter build submenu | 35 | |
| Enter hero's abilities submenu | 15 | |
| Give item / drop item | 4 | |
| Right click | 1578 | |
| Select / deselect | 696 | |
| Select group hotkey | 674 | |
| Use ability | 112 | |
3963 total
» units
| Acolyte | 15 | |
| Ghoul | 7 | |
| Crypt Fiend | 4 | |
| Frost Wyrm | 14 | |
40 total
» upgrades
| Creature Attack | 2 | |
| Web | 1 | |
| Freezing Breath | 1 | |
| Creature Carapace | 1 | |
5 total
» buildings
| Crypt | 1 | |
| Altar of Darkness | 1 | |
| Ziggurat | 18 | |
| Tomb of Relics | 1 | |
| Graveyard | 1 | |
| Nerubian Tower | 2 | |
| Halls of the Dead | 2 | |
| Necropolis | 4 | |
| Black Citadel | 1 | |
| Spirit Tower | 3 | |
| Sacrificial Pit | 1 | |
| Boneyard | 5 | |
40 total
» build order
00:23 Crypt
00:25 Altar of Darkness
00:31 Ziggurat
01:01 Tomb of Relics
01:05 Ziggurat
01:39 Graveyard
03:20 Nerubian Tower
03:47 Halls of the Dead
03:47 Halls of the Dead
04:36 Ziggurat
06:03 Necropolis
06:27 Ziggurat
09:20 Necropolis
09:21 Ziggurat
09:22 Ziggurat
09:22 Ziggurat
09:27 Necropolis
09:30 Ziggurat
09:30 Ziggurat
09:31 Ziggurat
09:32 Ziggurat
10:25 Black Citadel
10:43 Spirit Tower
10:43 Spirit Tower
10:45 Ziggurat
11:49 Necropolis
11:51 Spirit Tower
12:26 Sacrificial Pit
13:09 Ziggurat
13:11 Ziggurat
13:20 Boneyard
13:21 Boneyard
13:22 Boneyard
13:23 Boneyard
13:25 Boneyard
13:30 Ziggurat
14:01 Nerubian Tower
16:12 Ziggurat
27:46 Ziggurat
27:48 Ziggurat
» items
| Rod of Necromancy | 2 | |
| Sacrificial Skull | 1 | |
| Scroll of Town Portal | 6 | |
| Scroll of Regeneration | 1 | |
| Scroll of Healing | 2 | |
12 total
GGEZNORESUCKMYP (
pink | 107 APM | 5802 actions | 54:13)
6 Archmage
3 Summon Water Elemental
2 Brilliance Aura
1 Mass Teleport
5 Mountain King
2 Storm Bolt
3 Thunder Clap
» actions
| Assign group hotkey | 112 | |
| Basic commands | 501 | |
| Build / train | 151 | |
| ESC pressed | 1 | |
| Enter build submenu | 45 | |
| Enter hero's abilities submenu | 11 | |
| Give item / drop item | 10 | |
| Remove unit from queue | 1 | |
| Right click | 1678 | |
| Select / deselect | 760 | |
| Select group hotkey | 2254 | |
| Use ability | 278 | |
5802 total
» units
| Peasant | 19 | |
| Footman | 2 | |
| Rifleman | 11 | |
| Sorceress | 6 | |
| Priest | 6 | |
| Spell Breaker | 4 | |
| Acolyte | 1 | |
49 total
» upgrades
| Masonry | 2 | |
| Gunpowder | 3 | |
| Long Rifles | 2 | |
| Priest Training | 2 | |
| Sorceress Training | 2 | |
| Armor | 3 | |
| Lumber Harvesting | 1 | |
| Swords | 3 | |
| Animal War Training | 1 | |
| Storm Hammers | 1 | |
| Cloud | 1 | |
| Plating | 3 | |
| Control Magic | 1 | |
| Magic Sentry | 1 | |
26 total
» buildings
| Altar of Kings | 1 | |
| Barracks | 1 | |
| Farm | 13 | |
| Arcane Vault | 1 | |
| Blacksmith | 1 | |
| Keep | 2 | |
| Lumber Mill | 1 | |
| Town Hall | 3 | |
| Scout Tower | 16 | |
| Arcane Tower | 5 | |
| Guard Tower | 22 | |
| Castle | 2 | |
| Arcane Sanctum | 2 | |
| Gryphon Aviary | 2 | |
72 total
» build order
00:48 Altar of Kings
00:54 Barracks
00:57 Farm
01:03 Farm
01:08 Farm
01:42 Farm
02:10 Arcane Vault
02:28 Blacksmith
03:39 Keep
03:39 Keep
03:53 Lumber Mill
04:21 Town Hall
05:17 Scout Tower
05:33 Scout Tower
05:59 Arcane Tower
05:59 Arcane Tower
06:01 Arcane Tower
06:01 Arcane Tower
06:01 Arcane Tower
06:30 Scout Tower
06:33 Scout Tower
06:38 Scout Tower
06:51 Scout Tower
07:04 Guard Tower
07:04 Guard Tower
07:08 Guard Tower
07:16 Guard Tower
07:16 Guard Tower
07:18 Guard Tower
08:14 Castle
08:14 Castle
08:54 Farm
08:57 Scout Tower
09:56 Guard Tower
09:56 Guard Tower
10:00 Arcane Sanctum
10:04 Arcane Sanctum
11:14 Scout Tower
11:15 Scout Tower
11:20 Scout Tower
11:21 Scout Tower
11:24 Scout Tower
12:04 Guard Tower
12:12 Guard Tower
12:13 Guard Tower
12:16 Guard Tower
12:17 Guard Tower
13:54 Gryphon Aviary
13:58 Gryphon Aviary
15:48 Farm
15:50 Farm
16:40 Farm
16:41 Farm
17:26 Farm
21:53 Farm
27:41 Farm
27:42 Farm
28:06 Town Hall
28:08 Scout Tower
28:09 Scout Tower
28:10 Scout Tower
28:11 Scout Tower
28:43 Guard Tower
28:44 Guard Tower
28:44 Guard Tower
28:45 Guard Tower
28:45 Guard Tower
28:45 Guard Tower
28:46 Guard Tower
34:35 Town Hall
41:22 Guard Tower
41:22 Guard Tower
» items
| Scroll of Regeneration | 5 | |
| Mechanical Critter | 4 | |
| Robe of the Magi +6 | 1 | |
| Orb of Darkness | 2 | |
| Amulet of Spell Shield | 1 | |
| Talisman of Evasion | 1 | |
| Alleria's Flute of Accuracy | 1 | |
| Pendant of Mana | 1 | |
| Lesser Clarity Potion | 2 | |
| Scroll of Town Portal | 1 | |
| Staff of Sanctuary | 1 | |
20 total
team 2 (winner)
Death_Knight (
blue | 57 APM | 2694 actions | 47:05)
4 Death Knight
2 Death Coil
2 Unholy Aura
4 Lich
2 Frost Nova
2 Frost Armor
2 Crypt Lord
2 Impale
1 Dark Ranger
1 Silence
» actions
| Assign group hotkey | 57 | |
| Basic commands | 21 | |
| Build / train | 81 | |
| Enter build submenu | 25 | |
| Enter hero's abilities submenu | 11 | |
| Give item / drop item | 2 | |
| Remove unit from queue | 2 | |
| Right click | 1252 | |
| Select / deselect | 471 | |
| Select group hotkey | 656 | |
| Use ability | 115 | |
2694 total
» units
| Acolyte | 7 | |
| Ghoul | 6 | |
| Crypt Fiend | 5 | |
| Obsidian Statue | 3 | |
| Frost Wyrm | 6 | |
| Meatwagon | 1 | |
| Dryad | 8 | |
36 total
» upgrades
| Web | 1 | |
| Ghoul Frenzy | 0 | |
| Destroyer Form | 1 | |
| Creature Attack | 1 | |
| Creature Carapace | 1 | |
4 total
» buildings
| Crypt | 1 | |
| Graveyard | 1 | |
| Altar of Darkness | 1 | |
| Ziggurat | 12 | |
| Tomb of Relics | 1 | |
| Nerubian Tower | 2 | |
| Necropolis | 1 | |
| Halls of the Dead | 1 | |
| Spirit Tower | 4 | |
| Black Citadel | 1 | |
| Sacrificial Pit | 1 | |
| Slaughterhouse | 1 | |
| Boneyard | 2 | |
29 total
» build order
00:06 Crypt
00:09 Graveyard
00:33 Altar of Darkness
00:48 Ziggurat
01:18 Tomb of Relics
01:50 Nerubian Tower
02:05 Ziggurat
04:19 Necropolis
04:21 Ziggurat
05:04 Halls of the Dead
05:21 Nerubian Tower
05:44 Ziggurat
07:09 Spirit Tower
07:28 Black Citadel
07:40 Sacrificial Pit
08:03 Slaughterhouse
08:42 Ziggurat
08:43 Ziggurat
08:44 Ziggurat
09:56 Boneyard
11:03 Boneyard
13:38 Spirit Tower
13:38 Spirit Tower
13:39 Ziggurat
16:04 Spirit Tower
20:27 Ziggurat
20:30 Ziggurat
20:31 Ziggurat
20:32 Ziggurat
» items
| Rod of Necromancy | 3 | |
| Sacrificial Skull | 1 | |
| Dust of Appearance | 1 | |
| Potion of Lesser Invulnerability | 1 | |
| Orb of Corruption | 1 | |
| Potion of Healing | 5 | |
| Scroll of Town Portal | 3 | |
15 total
deltahedge (
red | 36 APM | 1949 actions | 54:13)
4 Blademaster
2 Wind Walk
2 Critical Strike
4 Tauren Chieftain
2 War Stomp
2 Endurance Aura
» actions
| Assign group hotkey | 29 | |
| Basic commands | 44 | |
| Build / train | 51 | |
| ESC pressed | 3 | |
| Enter build submenu | 19 | |
| Enter hero's abilities submenu | 8 | |
| Right click | 481 | |
| Select / deselect | 522 | |
| Select group hotkey | 671 | |
| Use ability | 115 | |
1949 total
» units
| Peon | 7 | |
| Grunt | 6 | |
| Razormane Medicine Man | 1 | |
| Tauren | 12 | |
| Spirit Walker | 1 | |
27 total
» upgrades
| Berserker Strength | 1 | |
| Pulverize | 1 | |
| Armor | 1 | |
| Melee Weapons | 1 | |
| Reinforced Defenses | 1 | |
5 total
» buildings
| Altar of Storms | 1 | |
| Orc Burrow | 6 | |
| Voodoo Lounge | 2 | |
| Barracks | 1 | |
| War Mill | 1 | |
| Stronghold | 1 | |
| Fortress | 1 | |
| Tauren Totem | 2 | |
| Great Hall | 2 | |
| Spirit Lodge | 1 | |
| Watch Tower | 1 | |
19 total
» build order
00:17 Altar of Storms
00:19 Orc Burrow
00:53 Voodoo Lounge
01:45 Barracks
02:03 Orc Burrow
02:31 War Mill
03:44 Stronghold
05:25 Orc Burrow
05:57 Orc Burrow
06:38 Fortress
06:42 Orc Burrow
07:45 Orc Burrow
09:14 Tauren Totem
09:55 Tauren Totem
10:02 Great Hall
15:07 Spirit Lodge
18:34 Great Hall
21:10 Watch Tower
23:15 Voodoo Lounge
» items
| Healing Salve | 3 | |
| Lesser Clarity Potion | 2 | |
| Scroll of Town Portal | 2 | |
7 total
{-_-} (
teal | 104 APM | 5664 actions | 54:15)
10 Archmage
3 Summon Water Elemental
3 Brilliance Aura
1 Mass Teleport
3 Blizzard
» actions
| Assign group hotkey | 98 | |
| Basic commands | 205 | |
| Build / train | 114 | |
| Enter build submenu | 56 | |
| Enter hero's abilities submenu | 12 | |
| Give item / drop item | 14 | |
| Right click | 1983 | |
| Select / deselect | 562 | |
| Select group hotkey | 2335 | |
| Use ability | 285 | |
5664 total
» units
| Peasant | 16 | |
| Footman | 4 | |
| Gryphon Rider | 12 | |
| Dragonhawk Rider | 19 | |
51 total
» upgrades
| Masonry | 3 | |
| Lumber Harvesting | 2 | |
| Swords | 3 | |
| Armor | 4 | |
| Animal War Training | 1 | |
| Storm Hammers | 1 | |
| Cloud | 1 | |
| Gunpowder | 2 | |
| Plating | 2 | |
19 total
» buildings
| Altar of Kings | 1 | |
| Barracks | 1 | |
| Farm | 14 | |
| Scout Tower | 38 | |
| Arcane Vault | 2 | |
| Keep | 1 | |
| Arcane Tower | 2 | |
| Lumber Mill | 1 | |
| Town Hall | 4 | |
| Castle | 1 | |
| Guard Tower | 7 | |
| Gryphon Aviary | 4 | |
| Blacksmith | 2 | |
78 total
» build order
00:49 Altar of Kings
00:51 Barracks
00:53 Farm
00:54 Farm
01:05 Farm
01:08 Farm
01:37 Scout Tower
02:06 Arcane Vault
03:36 Keep
03:46 Arcane Tower
03:48 Lumber Mill
04:17 Town Hall
05:46 Scout Tower
05:46 Scout Tower
05:49 Scout Tower
05:52 Scout Tower
05:53 Scout Tower
05:59 Castle
06:21 Guard Tower
06:22 Guard Tower
07:03 Arcane Tower
07:39 Gryphon Aviary
07:40 Gryphon Aviary
07:41 Gryphon Aviary
07:42 Gryphon Aviary
07:50 Blacksmith
07:53 Blacksmith
08:50 Farm
08:56 Farm
12:28 Farm
12:28 Farm
12:29 Farm
14:35 Farm
14:35 Farm
17:34 Scout Tower
17:35 Scout Tower
17:36 Scout Tower
17:37 Scout Tower
17:37 Scout Tower
17:39 Scout Tower
17:40 Scout Tower
17:41 Scout Tower
17:42 Scout Tower
17:43 Scout Tower
17:43 Scout Tower
18:43 Scout Tower
18:43 Scout Tower
18:43 Scout Tower
18:44 Scout Tower
18:44 Scout Tower
19:29 Guard Tower
19:44 Guard Tower
19:47 Scout Tower
19:48 Scout Tower
19:49 Scout Tower
19:49 Scout Tower
20:18 Guard Tower
20:21 Town Hall
21:15 Guard Tower
25:22 Arcane Vault
32:46 Farm
32:46 Farm
32:46 Farm
32:52 Town Hall
35:55 Scout Tower
35:55 Scout Tower
35:55 Scout Tower
35:56 Scout Tower
35:56 Scout Tower
35:57 Scout Tower
35:57 Scout Tower
35:58 Scout Tower
35:58 Scout Tower
35:58 Scout Tower
35:59 Scout Tower
36:10 Town Hall
37:57 Guard Tower
» items
| Scroll of Regeneration | 5 | |
| Scroll of Town Portal | 5 | |
| Staff of Sanctuary | 1 | |
| Potion of Healing | 2 | |
| Potion of Mana | 1 | |
| Mechanical Critter | 5 | |
| Healing Salve | 1 | |
| Orb of Corruption | 1 | |
| Runed Bracers | 1 | |
22 total

»
noobsplay4x4 (
yellow | 194 APM | 2654 actions | 13:41)
3 Demon Hunter
2 Mana Burn
1 Evasion
3 Dark Ranger
2 Black Arrow
1 Silence
» actions
| Assign group hotkey | 137 | |
| Basic commands | 373 | |
| Build / train | 52 | |
| Enter build submenu | 12 | |
| Enter hero's abilities submenu | 6 | |
| Give item / drop item | 1 | |
| Right click | 863 | |
| Select / deselect | 274 | |
| Select group hotkey | 832 | |
| Use ability | 104 | |
2654 total
» units
| Wisp | 12 | |
| Huntress | 5 | |
| Dryad | 4 | |
| Druid of the Claw | 5 | |
26 total
» upgrades
| Ultravision | 1 | |
| Abolish Magic | 1 | |
| Druid of the Claw Training | 2 | |
4 total
» buildings
| Altar of Elders | 1 | |
| Moon Well | 4 | |
| Hunter's Hall | 1 | |
| Ancient of War | 1 | |
| Tree of Ages | 2 | |
| Ancient Protector | 1 | |
| Ancient of Lore | 2 | |
| Ancient of Wonders | 1 | |
| Tree of Eternity | 2 | |
15 total
» build order
00:08 Altar of Elders
00:20 Moon Well
01:51 Hunter's Hall
01:54 Ancient of War
02:28 Moon Well
03:40 Tree of Ages
03:40 Tree of Ages
03:43 Ancient Protector
04:40 Moon Well
06:07 Moon Well
06:31 Ancient of Lore
07:38 Ancient of Lore
07:44 Ancient of Wonders
09:10 Tree of Eternity
09:10 Tree of Eternity
» items
| Healing Salve | 1 | |
| Lesser Clarity Potion | 1 | |
| Scroll of Speed | 1 | |
| Potion of Healing | 2 | |
| Staff of Preservation | 1 | |
6 total
Chat log
(00:41 / Allies) Death_Knight: thnx noobs
(00:44 / All) wolfblade15: Ye
(00:46 / All) wolfblade15: yes
(00:50 / All) GGEZNORESUCKMYP: why make so many lol
(01:05 / All) wolfblade15: you get faster games
(01:08 / Allies) deltahedge: blue u want feed
(01:14 / Allies) noobsplay4x4: no feed
(01:15 / Allies) noobsplay4x4: coward
(01:16 / Allies) noobsplay4x4: fight
(01:26 / All) GGEZNORESUCKMYP: I just use the one account, that's why I'm on a smurf right now
(01:26 / Allies) deltahedge: oh ill be fighting
(01:29 / Allies) {-_-}: fast expanding there
(01:40 / All) GGEZNORESUCKMYP: make new smurfs all the time bu tI just use one account
(02:03 / All) GGEZNORESUCKMYP: I mean I use new smurfs al lthe time but I just play on one accountant
(02:18 / All) GGEZNORESUCKMYP: a new account
(02:23 / All) GGEZNORESUCKMYP: sorry I'm ESL
(04:51 / Allies) {-_-}: ty
(06:04 / Allies) deltahedge: hm wow
(08:58 / Allies) noobsplay4x4: wtf
(09:35 / Allies) {-_-}: b up coming
(10:11 / Allies) Death_Knight: wood?
(10:53 / Allies) noobsplay4x4: ccc
(12:56 / Allies) noobsplay4x4: mortar
(13:38 / Allies) {-_-}: wood
(13:48 / All) GGEZNORESUCKMYP: why'd that pussy leave
(13:48 / Allies) {-_-}: I tp for items
(13:49 / Allies) {-_-}: why he tp?
(13:54 / Allies) {-_-}: why he leave*
(14:03 / Allies) deltahedge: guys help
(19:17 / Allies) Death_Knight: b
(19:17 / Allies) Death_Knight: b
(19:32 / All) sea_of_flamex: g
(21:09 / Allies) Death_Knight: nop
(21:10 / Allies) Death_Knight: b
(21:10 / Allies) Death_Knight: b
(21:11 / Allies) Death_Knight: bb
(21:11 / Allies) Death_Knight: b
(21:14 / Allies) Death_Knight: dont fighjt laone
(21:16 / Allies) Death_Knight: alone
(21:37 / Allies) {-_-}: we need you
(21:40 / Allies) {-_-}: down here
(21:42 / Allies) {-_-}: blue
(21:44 / Allies) Death_Knight: b
(22:00 / Allies) {-_-}: tp
(22:13 / Allies) deltahedge: gogo
(25:38 / Allies) deltahedge: teal?
(25:43 / Allies) {-_-}: b up
(26:47 / Allies) deltahedge: im brok
(26:52 / Allies) Death_Knight: i hav nothing
(27:39 / Allies) Death_Knight: gold? --
(27:46 / Allies) Death_Knight: {-_-] gold?
(27:55 / Allies) Death_Knight: u got 2800
(28:33 / Allies) Death_Knight: dude
(28:39 / Allies) Death_Knight: {-_-} share gold
(28:42 / Allies) Death_Knight: otherwise we lose
(28:55 / Allies) deltahedge: he might be able to carry this
(30:29 / All) wolfblade15: pink teching
(30:29 / Allies) Death_Knight: thnx delta
(30:35 / Allies) Death_Knight: i got enuff wood
(30:37 / All) GGEZNORESUCKMYP: what
(30:37 / Allies) Death_Knight: i need gold
(30:38 / Allies) Death_Knight: ,,
(30:38 / All) GGEZNORESUCKMYP: teching?
(30:44 / All) GGEZNORESUCKMYP: you realise this is 30 mins into a match right?
(30:49 / All) GGEZNORESUCKMYP: the fuck you talking about dude
(30:58 / All) wolfblade15: tking
(34:52 / Allies) deltahedge: lvel 10 wutupp
(35:08 / All) wolfblade15: teal and pink probably friends.. get a life you fucks
(35:29 / All) deltahedge: pink is tking?
(35:33 / All) GGEZNORESUCKMYP: no
(35:35 / All) GGEZNORESUCKMYP: purp tked me
(35:39 / All) GGEZNORESUCKMYP: so I fought back
(35:42 / All) GGEZNORESUCKMYP: report him and move on
(35:51 / All) wolfblade15: stfu u fucktard
(35:58 / All) GGEZNORESUCKMYP: u stfu fuckhead
(35:59 / All) wolfblade15: you surrounded my am
(36:04 / All) GGEZNORESUCKMYP: shut it
(36:28 / Allies) deltahedge: haha
(36:51 / All) deltahedge: im watching the replay
(37:05 / All) {-_-}: go
(37:06 / All) {-_-}: go
(37:07 / All) {-_-}: go
(37:07 / All) {-_-}: go
(37:13 / All) {-_-}: tp on orange
(37:24 / All) {-_-}: tp on rorange
(37:32 / All) {-_-}: hello?
(37:45 / All) wolfblade15: wow
(37:49 / All) wolfblade15: u fucktards are friend
(37:51 / All) wolfblade15: sad ufckers
(37:53 / All) {-_-}: HELLO?
(38:25 / All) wolfblade15: ur on tk list
(38:26 / All) wolfblade15: both
(38:29 / All) {-_-}: tp on orange
(38:33 / All) {-_-}: to stop his ult
(39:42 / All) Death_Knight: rofl what game is this?>
(39:49 / All) GGEZNORESUCKMYP: warcraft 3 the frozen throne
(39:57 / All) Death_Knight: lmao
(41:24 / All) {-_-}: Wtf
(41:39 / All) GGEZNORESUCKMYP: what
(41:41 / All) {-_-}: fucking thing only 1 dhawk out of selected 2
(41:43 / All) {-_-}: ensnared
(41:47 / All) {-_-}: then they randomly stopped
(41:57 / All) {-_-}: I had both selected and a moved while they shackled
(42:01 / All) {-_-}: this game is so buggy now
(42:03 / All) GGEZNORESUCKMYP: listen up me and teal are in this together, gonna kill all ur units and our own
(42:05 / All) {-_-}: even more than it was
(42:12 / All) GGEZNORESUCKMYP: and just leave buildings, no way to kill each other
(42:14 / All) GGEZNORESUCKMYP: no food
(42:20 / All) GGEZNORESUCKMYP: sound fair? leave your pcs on all night for the win
(43:05 / All) GGEZNORESUCKMYP: I love the items on this map now
(43:06 / All) GGEZNORESUCKMYP: they're insane
(44:18 / Allies) deltahedge: blue you there
(44:23 / Allies) Death_Knight: me?
(44:28 / Allies) deltahedge: wtf is happening
(44:32 / Allies) Death_Knight: dont know lol
(44:36 / Allies) Death_Knight: its fun to watch tho
(44:45 / All) Death_Knight: who else is left
(44:49 / Allies) deltahedge: come on give us a win
(44:54 / All) GGEZNORESUCKMYP: you're going in a standoff vs pink
(44:56 / All) GGEZNORESUCKMYP: "I mean oj
(45:01 / All) GGEZNORESUCKMYP: no way to kill each other
(45:05 / All) GGEZNORESUCKMYP: we kill all food including our own
(45:08 / All) GGEZNORESUCKMYP: can leave ur pc on all night for win
(45:10 / All) GGEZNORESUCKMYP: sound fair?
(45:36 / All) sea_of_flamex: lol nah. just want to make sure u waste your time. so im goin to leave after u almost finish
(45:41 / All) sea_of_flamex: ill do hw in the meantime
(45:46 / All) GGEZNORESUCKMYP: we're already almost finished
(45:48 / All) GGEZNORESUCKMYP: so leave then
(45:55 / All) sea_of_flamex: nah need to waste your time a bit longer
(45:56 / All) sea_of_flamex: :)
(46:01 / All) GGEZNORESUCKMYP: I'm not in any rush
(46:09 / All) sea_of_flamex: i know. u dont have anything better to do
(46:11 / All) deltahedge: what the actual fuck are you guys doing]
(46:12 / All) sea_of_flamex: anyways back to afk
(46:51 / All) sea_of_flamex: lol jokes on these two. they think they got the last word haha
(46:58 / All) Death_Knight: k m out
(47:01 / All) Death_Knight: good night
(50:57 / All) {-_-}: Bad luck red
(51:29 / All) {-_-}: kill my base if you have oyur army
(51:33 / All) GGEZNORESUCKMYP: omw
(51:55 / All) GGEZNORESUCKMYP: look at my mk mana lol
(52:06 / All) {-_-}: lawl
(52:12 / All) {-_-}: clap and bolt would own with it
(52:16 / All) GGEZNORESUCKMYP: that's what I got
(52:18 / All) GGEZNORESUCKMYP: raped with them this game
(52:23 / All) GGEZNORESUCKMYP: infinite mana
(52:31 / All) {-_-}: next game tell me if your team has expos
(52:44 / All) {-_-}: I was thinkinkg they didn't try expoing left edge since no mention
(52:46 / All) GGEZNORESUCKMYP: I told you about all of them pretty sure
(52:49 / All) GGEZNORESUCKMYP: you might've missed my msgs
(52:54 / All) {-_-}: Must have missed msgs then
(52:55 / All) GGEZNORESUCKMYP: I mentioned the green expo by red a few times
(53:01 / All) {-_-}: keep stressing if I don't attack
(53:02 / All) GGEZNORESUCKMYP: maybe it was chat bug
(53:13 / All) {-_-}: items in bottom shop are terrible right now
(53:16 / All) {-_-}: there's a ring of +@
(53:18 / All) {-_-}: +2
(53:20 / All) GGEZNORESUCKMYP: units not controlling is so annoying
(53:32 / All) GGEZNORESUCKMYP: I think I said it seemed way worse but you didn't notice it at first and said it was always buggy
(53:39 / All) GGEZNORESUCKMYP: but it's definitely way less responsive
(53:49 / All) {-_-}: I thought you were gonna fight that battle at my base then I got the full brunt of them with hippo and them nuking my am
(53:52 / All) GGEZNORESUCKMYP: have to spam a lot more with new patch
(54:02 / All) GGEZNORESUCKMYP: yeah I shoulda come to help sooner rather than just spam green
(54:06 / All) {-_-}: I thought these items cycled
(54:09 / All) GGEZNORESUCKMYP: they do
(54:12 / All) {-_-}: there's a fucking ring of +6 top shop